 Dungeon Crawl Stone Soup version 0.30.1-1-g62c8e00024 (webtiles) character file.

Game seed: 5258265202184003073

115 monsoonserge the Firebug (level 5, -6/47 HPs)
             Began as a Meteoran Cinder Acolyte on July 16, 2023.
             Was a High Priest of Ignis.
             Mangled by an iguana (8 damage)
             ... on level 3 of the Dungeon.
             The game lasted 00:07:05 (1049 turns).

monsoonserge the Firebug (Meteoran Cinder Acolyte)  Turns: 1049, Time: 00:07:05

Health: -6/47      AC:  3    Str: 18    XL:     5   Next: 44%
Magic:  0/9        EV: 11    Int: 15    God:    Ignis [*****.]
Gold:   134        SH:  8    Dex:  9    Spells: 6/8 levels left

rFire   + . .        a - -1 mace (flame)
rCold   . . .        d - +0 buckler
rNeg    . . .        o - +0 leather armour
rPois   .            (no helmet)
rElec   .            (no cloak)
rCorr   .            (no gloves)
SInv    .            (no boots)
Will    .....        h - amulet of reflection
Stlth   +            (no ring)
HPRegen 0.27/turn    (no ring)
MPRegen 0.11/turn

%: reflection
@: glowing
A: sense surroundings 1, otherworldly, glowing, explore regen
a: Renounce Religion, Fiery Armour, Foxfire Swarm, Rising Flame


You were on level 3 of the Dungeon.
You worshipped Ignis.
Ignis was extremely pleased with you.
You visited 1 branch of the dungeon, and saw 3 of its levels.

You collected 134 gold pieces.

Inventory:

Hand Weapons
 a - a -1 mace of flaming (weapon)
Armour
 b - a +0 robe
 d - a +0 buckler (worn)
 o - a +0 leather armour (worn)
 p - a +0 scale mail
Jewellery
 h - an amulet of reflection (around neck)
Scrolls
 c - 2 scrolls of enchant weapon {unknown}
 e - a scroll of magic mapping {unknown}
 g - 4 scrolls of identify {unknown}
 k - a scroll of poison {unknown}
 l - 2 scrolls of teleportation {unknown}
 m - a scroll of amnesia {unknown}
 n - a scroll of noise {unknown}
 r - a scroll of vulnerability {unknown}
Potions
 f - a potion of might {unknown}
 i - 2 potions of heal wounds {unknown}
 j - a potion of ambrosia {unknown}
 q - 2 potions of brilliance {unknown}


   Skills:
 + Level 4.3 Fighting
 - Level 4.0 Maces & Flails
 + Level 0.2 Armour
 + Level 1.6 Dodging
 + Level 0.1 Stealth
 + Level 1.0 Shields
 - Level 2.0 Spellcasting
 - Level 5.0 Fire Magic


You had 6 spell levels left.
You knew the following spells:

 Your Spells              Type           Power      Damage    Failure   Level
a - Scorch                Fire           32%        2d6       7%          2

Your spell library contained the following spells:

 Spells                   Type           Power      Damage    Failure   Level
 Magic Dart               Conj           4%         1d3       34%         1
 Searing Ray              Conj           2%         2d4       45%         2
 Fulminant Prism          Conj/Hex       0%         3d5       98%         4


Dungeon Overview and Level Annotations

Branches:
Dungeon (3/15) Zot: 729

Altars:

Annotations:
D:2 Sigmund


Innate Abilities, Weirdness & Mutations

You passively map a small area around you.
You are easily found by Zot.
You glow in the dark.
You regain HP and MP as you explore.


Message History

The iguana is moderately wounded.
The iguana bites you!
* * * LOW HITPOINT WARNING * * *
You barely miss the iguana.
The iguana is moderately wounded.
You block the iguana's attack.
The iguana bites you but does no damage.
You barely miss the iguana.
The iguana is moderately wounded.
The iguana bites you.
* * * LOW HITPOINT WARNING * * *
You hit the iguana but do no damage.
The iguana is moderately wounded.
You block the iguana's attack.
You completely miss the iguana.
The iguana is moderately wounded.
The iguana closely misses you.
You barely miss the iguana.
The iguana is moderately wounded.
You block the iguana's attack. The iguana closely misses you.
You hit the iguana but do no damage.
The iguana is moderately wounded.
The iguana bites you.
* * * LOW HITPOINT WARNING * * *
You closely miss the iguana.
The iguana is moderately wounded.
The iguana barely misses you.
You hit the iguana. You burn the iguana.
The iguana is heavily wounded.
The iguana barely misses you.
Casting: Scorch (safe; 7% risk of failure)
Confirm with . or Enter, or press ? or * to list all spells.
Flames lash the iguana.
The iguana is heavily wounded.
The iguana's fire resistance burns away.
The iguana barely misses you.
You hit the iguana. You burn the iguana.
The iguana is almost dead.
The iguana bites you!
You die...

####..#####')...#...#.
##..#+##...##....##....
#....##.....##..###...>
#....'.......##'###.###
##..##...8..)##..##. #.
##'##.......)....#, #.
##..##.....##)...# #. *
#....##(.)##+#..## .
#....@##### #### ##
##..##l.# , #### ...+ *
** ...# )[## *###


You could see an iguana (combustible).

Vanquished Creatures
  A gnoll (D:3)
  6 adders
  3 dart slugs
  2 orcs (D:3)
  5 ball pythons
  4 bats
  3 endoplasms
  3 giant cockroaches
  A hobgoblin (D:1)
  2 jackals (D:1)
  2 quokkas
  4 frilled lizards
  6 kobolds
  8 rats
50 creatures vanquished.

Notes
Turn   | Place    | Note
-------+----------+-------------------------------------------
     0 | D:1      | monsoonserge the Meteoran Cinder Acolyte began the quest
                  | for the Orb.
     0 | D:1      | Reached XP level 1. HP: 19/19 MP: 3/3
    61 | D:1      | Reached XP level 2. HP: 27/27 MP: 5/5
    64 | D:1      | Learned a level 2 spell: Scorch
   285 | D:1      | Reached XP level 3. HP: 33/33 MP: 1/6
   351 | D:1      | Reached skill level 4 in Fire Magic
   444 | D:2      | Noticed Sigmund
   450 | D:2      | Reached skill level 1 in Dodging
   510 | D:2      | Reached XP level 4. HP: 40/40 MP: 4/8
   968 | D:3      | Reached XP level 5. HP: 46/46 MP: 3/9
  1016 | D:3      | Reached skill level 1 in Shields
  1024 | D:3      | Reached skill level 5 in Fire Magic
  1041 | D:3      | HP: 2/47 [iguana (5)]
  1049 | D:3      | Mangled by an iguana

Illustrated notes

Levels and vault maps discovered:
D:1:      roderic_dead_forest, layout_basic
D:2:      layout_rooms, minmay_tiny_reverse_x, uniq_sigmund
D:3:      minmay_bubble_buster, layout_basic, uniq_ijyb

Skill      XL: |  1  2  3  4  5 |
---------------+----------------+-----
Fighting       | 4 |  4.3
Fire Magic     | 4 5 |  5.0
Dodging        | 1 |  1.6
Spellcasting   | 2 |  2.0
Shields        | 1 |  1.0
Maces & Flails | |  4.0
Armour         | |  0.2
Stealth        | |  0.1

Action                     |  1- 3 |  4- 6 || total
---------------------------+-------+-------++-------
  Melee: Mace              |    36 |    56 ||    92
   Cast: Scorch            |    10 |    21 ||    31
 Armour: Robe              |    12 |     5 ||    17
         Leather armour    |       |     8 ||     8
  Dodge: Dodged            |    18 |    32 ||    50
  Block: Buckler           |     5 |    27 ||    32
